[Event "Titled Tuesday Blitz July 27 2021"]
[White "Ivanov, Oleg"]
[Black "Ovchinnikov, Vsevolod"]
[WhiteFideId "4103114"]
[BlackFideId "24176842"]
[WhiteElo "2768"]
[BlackElo "2565"]
[Result "1/2-1/2"]
[Round "07"]
[TimeControl "180+1"]
[Date "2021.07.27"]
[WhiteClock "0:00:17"]
[BlackClock "0:00:15"]

1. Nf3 Nf6 2. c4 g6 3. g3 d5 4. cxd5 Nxd5 5. Nc3 Nb6 6. b3 Bg7 7. Bb2 Nc6 8. Bg2 O-O 9. O-O Re8 10. Rc1 Bg4 11. d3 Rb8 12. h3 Bxf3 13. Bxf3 Nd4 14. Bg2 c6 15. Qd2 e5 16. Ne4 h6 17. Rfe1 Nd5 18. Nc5 b6 19. Na6 Rc8 20. Nb4 Nxb4 21. Qxb4 c5 22. Qa4 a5 23. e3 b5 24. Qa3 Ne6 25. Red1 Qb6 26. Ba1 Red8 27. Rc2 Rc7 28. Qc1 Rcd7 29. Rcd2 h5 30. h4 Kh7 31. Qc2 Rd6 32. Bb2 R8d7 33. Bh3 Rc7 34. Kf1 Qb7 35. Bg2 Qa6 36. Kg1 Qb6 37. Qb1 Rcd7 38. Bh3 Rd8 39. Qa1 f6 40. Qb1 Nc7 41. Qc2 Nd5 42. a3 Bh6 43. Bg2 Nc7 44. Rc1 Ne6 45. Rcd1 Bf8 46. Bc3 R6d7 47. a4 Nc7 48. Bb2 Na6 49. axb5 Qxb5 50. Qc4 Qxc4 51. bxc4 Nb4 52. Bf1 Ra8 53. Ba3 a4 54. d4 exd4 55. exd4 Rad8 56. d5 Kg7 57. Bh3 Rc7 58. d6 Rc6 59. d7 f5 60. Bg2 Rb6 61. Re1 Kf7 62. Bd5+ Nxd5 63. Rxd5 Rb7 64. Bxc5 Bxc5 65. Rxc5 Rdxd7 66. Ra5 Rdc7 67. Rxa4 Rb6 68. Rc1 Rbc6 69. f4 Rd6 70. Rc2 Rd3 71. Kf2 Re7 72. Re2 Rc7 73. Rb4 Rd4 74. Rc2 Re4 75. Rb3 Rcxc4 76. Rxc4 Rxc4 77. Rb7+ Kf6 78. Rb6+ Kf7 79. Rb5 Rc3 80. Rb2 Kg7 81. Re2 Kh6 82. Kg2 Rc4 83. Kh3 Kg7 84. Re5 Kf6 85. Re2 Rc3 86. Ra2 Rb3 87. Ra6+ Kf7 88. Rc6 Rb2 89. Rc7+ Kf6 90. Rc6+ Kf7 91. Rd6 Kg7 92. Re6 Kf7 93. Ra6 Rc2 94. Ra8 Kf6 95. Ra7 Rb2 96. Ra3 Rc2 97. Rf3 Rb2 98. Rf1 Rc2 99. Re1 Rb2 100. Rc1 Ra2 101. Rc6+ Kf7 102. Rb6 Kg7 103. Rb8 Kf7 104. Rh8 Kg7 105. Rc8 Kf7 106. Rc7+ Kf6 107. Rc3 Kf7 108. Rf3 Kf6 109. Rf1 Kf7 110. Rh1 Kf6 111. Rg1 Kf7 112. Rf1 Kf6 113. Rg1 Kf7 114. Rf1 Kf6 115. Rg1 1/2-1/2


[Site "https://www.chess.com"]

[Event "Titled Tuesday Blitz July 27 2021"]
[White "Jeet, Jain"]
[Black "Liyanage, Ranindu Dilshan"]
[WhiteFideId "5073022"]
[BlackFideId "9915834"]
[WhiteElo "2085"]
[BlackElo "1839"]
[Result "1-0"]
[Round "07"]
[TimeControl "180+1"]
[Date "2021.07.27"]
[WhiteClock "0:01:23"]
[BlackClock "0:00:08"]

1. e4 c5 2. Nf3 d6 3. Bb5+ Nd7 4. c3 Nf6 5. Qe2 a6 6. Ba4 e6 7. O-O b5 8. Bc2 Bb7 9. d4 Be7 10. Re1 Rc8 11. a4 cxd4 12. cxd4 b4 13. Bd3 a5 14. Nbd2 h6 15. Nf1 d5 16. Ng3 dxe4 17. Nxe4 Nxe4 18. Bxe4 Bxe4 19. Qxe4 Nf6 20. Qe2 O-O 21. Bf4 Qb6 22. Be5 Rc6 23. Rec1 Rfc8 24. Rxc6 Qxc6 25. h3 Qc2 26. Qa6 Rc6 27. Qxa5 Qxb2 28. d5 Rc1+ 29. Kh2 Qxe5+ 30. Nxe5 Rxa1 31. dxe6 fxe6 32. Qb6 Bf8 33. Qxe6+ Kh7 34. Qf5+ Kg8 35. Ng6 Bd6+ 36. g3 Rxa4 37. Qd3 Ne8 38. Qb3+ 1-0


[Site "https://www.chess.com"]

[Event "Titled Tuesday Blitz July 27 2021"]
[White "Jian, Alex"]
[Black "Nguyen, Quoc Hy"]
[WhiteFideId "30901022"]
[BlackFideId "12410853"]
[WhiteElo "2111"]
[BlackElo "1975"]
[Result "1-0"]
[Round "07"]
[TimeControl "180+1"]
[Date "2021.07.27"]
[WhiteClock "0:00:07"]
[BlackClock "0:00:05"]

1. d4 d5 2. c4 c6 3. Nf3 e6 4. e3 Nf6 5. Bd3 Nbd7 6. O-O Bd6 7. Nc3 dxc4 8. Bxc4 b5 9. Bd3 O-O 10. e4 e5 11. dxe5 Nxe5 12. Nxe5 Bxe5 13. h3 Be6 14. Be3 Qa5 15. f4 Bxc3 16. bxc3 Qxc3 17. Rc1 Qa5 18. e5 Nd5 19. Bc5 Rfe8 20. f5 Bd7 21. Bd6 Ne3 22. Qh5 Qd2 23. Be4 Nxf1 24. Rxf1 Qd4+ 25. Kh1 Qxe4 26. f6 Bf5 27. Rxf5 Re6 28. Qg5 1-0


[Site "https://www.chess.com"]

[Event "Titled Tuesday Blitz July 27 2021"]
[White "Kretov, Evgenij"]
[Black "Seletsky, Grigory"]
[WhiteFideId "4167821"]
[BlackFideId "14112191"]
[WhiteElo "2400"]
[BlackElo "2492"]
[Result "1-0"]
[Round "07"]
[TimeControl "180+1"]
[Date "2021.07.27"]
[WhiteClock "0:00:14"]
[BlackClock "0:00:03"]

1. d4 d6 2. Nf3 Nf6 3. c4 Bg4 4. Nc3 Bxf3 5. gxf3 c6 6. b3 d5 7. Bb2 e6 8. e3 Be7 9. Bd3 O-O 10. O-O Nbd7 11. f4 a6 12. c5 Ne8 13. Kh1 f5 14. Rg1 g6 15. b4 Ng7 16. a4 Nf6 17. f3 Nfh5 18. Qe2 Qe8 19. b5 a5 20. Rg2 Bd8 21. Rag1 Qe7 22. Bc1 Bc7 23. Bd2 Rf7 24. Nd1 Qe8 25. Nf2 b6 26. bxc6 Qxc6 27. Bb5 Qb7 28. Nd3 bxc5 29. dxc5 Rd8 30. Bc3 Qb8 31. Bd4 Nf6 32. Qb2 Nfh5 33. Qc3 Qc8 34. Rb2 Rdf8 35. Rgb1 Qd8 36. Be5 Qh4 37. Rg1 Qh3 38. Rf2 Bxe5 39. Nxe5 Rc7 40. c6 Rfc8 41. Qxa5 d4 42. Qd2 dxe3 43. Qxe3 Qh4 44. Nd3 Rxc6 45. Bxc6 Rxc6 46. Qd4 Rc8 47. a5 Rd8 48. Qc4 Qf6 49. Ne5 Qh4 50. Rc2 Nxf4 51. a6 Ngh5 52. a7 Kg7 53. Qc7+ Kg8 54. Qf7+ Kh8 55. Qb7 Qf6 56. Qc7 Rg8 57. Ra2 Nd5 58. Qd6 Nhf4 59. a8=Q Rxa8 60. Rxa8+ Kg7 61. Ra7+ Kh6 62. Nf7+ Kh5 63. Ne5 Qh4 64. Rxh7# 1-0


[Site "https://www.chess.com"]

[Event "Titled Tuesday Blitz July 27 2021"]
[White "Le, Tuan Minh"]
[Black "Preotu, Razvan"]
[WhiteFideId "12401153"]
[BlackFideId "2613280"]
[WhiteElo "2450"]
[BlackElo "2407"]
[Result "1-0"]
[Round "07"]
[TimeControl "180+1"]
[Date "2021.07.27"]
[WhiteClock "0:00:56"]
[BlackClock "0:00:40"]

1. d4 Nf6 2. Nf3 g6 3. Bg5 Bg7 4. c3 O-O 5. Nbd2 d6 6. e4 c5 7. dxc5 dxc5 8. Bc4 Nc6 9. O-O h6 10. Bxf6 Bxf6 11. Qe2 Qc7 12. Qe3 Na5 13. Qxh6 Nxc4 14. Nxc4 Bg7 15. Qh4 b6 16. Ng5 Rd8 17. f4 Ba6 18. f5 Bxc4 19. Qh7+ Kf8 20. Ne6+ Bxe6 21. fxe6 f6 22. Qxg6 Kg8 23. Qf7+ Kh8 24. Rf3 Bh6 25. Rh3 Qf4 26. Qg6 Qe3+ 27. Kh1 Qxh3 28. gxh3 Be3 29. Qh5+ Kg7 30. Qf7+ Kh8 31. Qxe7 Rd2 32. Qxf6+ Kh7 33. Qf7+ Kh8 34. Qh5+ Kg7 35. Rf1 1-0


[Site "https://www.chess.com"]

[Event "Titled Tuesday Blitz July 27 2021"]
[White "Lee, Qing Aun"]
[Black "Assaubayeva, Bibisara"]
[WhiteFideId "5804167"]
[BlackFideId "13708694"]
[WhiteElo "2526"]
[BlackElo "2711"]
[Result "1-0"]
[Round "07"]
[TimeControl "180+1"]
[Date "2021.07.27"]
[WhiteClock "0:00:07"]
[BlackClock "0:00:02"]

1. e4 c5 2. Nf3 d6 3. d4 cxd4 4. Nxd4 Nf6 5. Nc3 a6 6. Bg5 e6 7. f4 h6 8. Bh4 Qb6 9. Qd2 Qxb2 10. Rb1 Qa3 11. e5 dxe5 12. fxe5 Nfd7 13. Be2 Be7 14. Bg3 O-O 15. Rb3 Qa5 16. O-O Nxe5 17. Qe3 Nbc6 18. Ncb5 axb5 19. Bxe5 Nxe5 20. Qxe5 b4 21. Bb5 f6 22. Qe4 Bc5 23. Bc4 Qb6 24. Rd3 Rd8 25. Rfd1 Kh8 26. Kh1 Bxd4 27. Rxd4 Rxd4 28. Rxd4 e5 29. Rd1 Be6 30. Bd3 Bg8 31. h3 Rxa2 32. Rb1 b3 33. Kh2 Qc5 34. cxb3 Qd5 35. Qg6 Rd2 36. Be4 Qd6 37. Rf1 Rd4 38. Re1 Qe7 39. Rc1 Qf7 40. Qf5 g6 41. Qf3 f5 42. Bxb7 Rb4 43. Bc6 Rxb3 44. Qf2 e4 45. Ba4 Rd3 46. Rc8 Kh7 47. Qc2 Qe7 48. Rc7 Qxc7+ 49. Qxc7+ Kh8 50. Qe5+ Kh7 51. Be8 1-0


[Site "https://www.chess.com"]

[Event "Titled Tuesday Blitz July 27 2021"]
[White "Leiva, Gianmarco"]
[Black "Sliwicki, Damian"]
[WhiteFideId "3804399"]
[BlackFideId "1127128"]
[WhiteElo "2365"]
[BlackElo "2149"]
[Result "0-1"]
[Round "07"]
[TimeControl "180+1"]
[Date "2021.07.27"]
[WhiteClock "0:00:02"]
[BlackClock "0:00:21"]

1. e4 c5 2. Nf3 g6 3. d4 cxd4 4. Nxd4 Nc6 5. c4 Nf6 6. Nc3 Nxd4 7. Qxd4 d6 8. Be2 Bg7 9. Be3 O-O 10. Qd2 a5 11. O-O a4 12. Rac1 Qa5 13. Rfd1 Be6 14. f3 Rfc8 15. Nb5 Qxd2 16. Rxd2 Nd7 17. h3 Ne5 18. Rdc2 f5 19. Nd4 Bd7 20. exf5 gxf5 21. Bg5 Kf7 22. Bf1 Nc6 23. Nb5 Nb4 24. Re2 Bxb5 25. Rxe7+ Kf8 26. cxb5 Rxc1 27. Rxb7 Bd4+ 28. Kh2 Rxf1 29. Be7+ Kg8 30. Bxd6 Nd5 31. Rd7 f4 32. h4 Bf2 33. Ba3 Bg3+ 34. Kh3 Rh1+ 35. Kg4 Nf6+ 36. Kf5 Nxd7 37. Be7 Rb8 38. Bd6 Rxb5+ 39. Ke6 Nc5+ 40. Ke7 Nd3 41. Kd7 Rxb2 42. a3 Rb3 43. h5 Ne1 44. Kc6 Nxg2 45. Bc5 Ne3 46. h6 Nf5 47. Kd7 Nxh6 48. Bb4 Nf7 0-1


[Site "https://www.chess.com"]

[Event "Titled Tuesday Blitz July 27 2021"]
[White "Luo, Terry"]
[Black "ValeriyGrinev"]
[WhiteFideId "30931045"]
[WhiteElo "2024"]
[BlackElo "2607"]
[Result "1/2-1/2"]
[Round "07"]
[TimeControl "180+1"]
[Date "2021.07.27"]
[WhiteClock "0:00:04"]
[BlackClock "0:00:04"]

1. d4 Nf6 2. c4 g6 3. Nc3 Bg7 4. e4 O-O 5. Nf3 d6 6. Be2 Bg4 7. O-O e5 8. d5 Bxf3 9. Bxf3 a5 10. g3 Na6 11. Bg2 Nd7 12. f4 f5 13. exf5 gxf5 14. fxe5 Nxe5 15. Qe2 Nc5 16. Bf4 Qf6 17. Bxe5 Qxe5 18. Qxe5 Bxe5 19. Bh3 f4 20. gxf4 Bxf4 21. Rae1 Be5 22. Nb5 c6 23. Nc7 Rxf1+ 24. Rxf1 Rf8 25. Rxf8+ Kxf8 26. b3 Ke7 27. Ne6 Nd3 28. Bf5 Nc1 29. Bb1 h6 30. Kf2 Bxh2 31. dxc6 bxc6 32. Nd4 Kd7 33. Nf5 Bf4 34. Kf3 Bg5 35. Ng3 Ke6 36. Ke4 Bh4 37. Nh5 Bg5 38. Ng3 d5+ 39. cxd5+ cxd5+ 40. Kd4 Kd6 41. Nf5+ Kc6 42. Ng3 Bf4 43. Nh5 Bd6 44. Ke3 Be7 45. Kd2 Bg5+ 46. Kc3 Ne2+ 47. Kd3 Ng1 48. a3 Nf3 49. b4 a4 50. Kc2 Nd4+ 51. Kd3 Nb5 52. Ba2 Nxa3 53. Ng3 Kb5 54. Bxd5 Kxb4 55. Bc6 Nc4 56. Bxa4 Nb2+ 57. Ke4 Nxa4 58. Kf5 Nc5 59. Kg6 Ne6 60. Kf5 Nd4+ 61. Kg6 Kc3 62. Ne4+ Kd3 63. Nxg5 hxg5 64. Kxg5 1/2-1/2


[Site "https://www.chess.com"]

[Event "Titled Tuesday Blitz July 27 2021"]
[White "Madaminov, Mukhiddin"]
[Black "Moskalenko, Alexander"]
[WhiteFideId "14210703"]
[BlackFideId "4155351"]
[WhiteElo "1747"]
[BlackElo "2495"]
[Result "1-0"]
[Round "07"]
[TimeControl "180+1"]
[Date "2021.07.27"]
[WhiteClock "0:00:10"]
[BlackClock "0:00:03"]

1. e4 c6 2. Nf3 d5 3. Nc3 dxe4 4. Nxe4 Nf6 5. Nxf6+ exf6 6. Bc4 Bd6 7. O-O O-O 8. h3 Nd7 9. d4 Re8 10. Re1 Rxe1+ 11. Qxe1 Nb6 12. Bd3 Be6 13. b3 Nd5 14. c4 Nf4 15. Bxf4 Bxf4 16. Qe4 Bc7 17. Qxh7+ Kf8 18. Re1 Ke7 19. Qxg7 Qg8 20. Qxg8 Rxg8 21. d5 cxd5 22. cxd5 Rd8 23. Bc4 b5 24. Bxb5 Rxd5 25. Bc4 Ra5 26. a4 Kd7 27. Bxe6+ fxe6 28. Nd4 Be5 29. Nb5 a6 30. Na3 Rc5 31. Nc4 Bc7 32. Rd1+ Ke7 33. Kf1 Rg5 34. g3 f5 35. Ke2 Rh5 36. h4 f4 37. Kf3 Rh8 38. Rh1 Rb8 39. Rb1 fxg3 40. fxg3 Rf8+ 41. Ke4 Bxg3 42. Rg1 Bxh4 43. Rg7+ Kf6 44. Ra7 Rb8 45. Ne5 Rb4+ 46. Nc4 Rxb3 47. Rxa6 Rb4 48. Kd3 Bf2 49. a5 Bg1 50. Kc3 Rb1 51. Kc2 Ra1 52. Ra8 e5 53. Re8 Bd4 54. Kb3 Kf5 55. Kb4 Rb1+ 56. Ka4 Ra1+ 57. Kb5 Rb1+ 58. Kc6 Rc1 59. Kd5 Ra1 60. Nd6+ Kf4 61. Nc4 Kf5 62. Re6 Rb1 63. Re8 Rb5+ 64. Kd6 Rb1 65. a6 Ra1 66. Ra8 e4 67. Kd5 e3 68. Kxd4 e2 69. Ne3+ Kf4 70. Nc2 Rd1+ 71. Kc3 Rc1 72. Re8 Kf3 73. a7 Ra1 74. Nxa1 e1=Q+ 75. Rxe1 1-0


[Site "https://www.chess.com"]

[Event "Titled Tuesday Blitz July 27 2021"]
[White "Manafov, Vugar"]
[Black "Bortnyk, Olexandr"]
[WhiteFideId "13410814"]
[BlackFideId "14120828"]
[WhiteElo "2274"]
[BlackElo "2723"]
[Result "0-1"]
[Round "07"]
[TimeControl "180+1"]
[Date "2021.07.27"]
[WhiteClock "0:00:05"]
[BlackClock "0:00:10"]

1. d4 f5 2. c4 Nf6 3. Nc3 d6 4. Nf3 g6 5. g3 Bg7 6. Bg2 O-O 7. O-O c6 8. b3 Na6 9. Bb2 Qe8 10. d5 e5 11. dxc6 e4 12. cxb7 Bxb7 13. Nd4 Ng4 14. h3 Ne5 15. Ndb5 Rd8 16. Nd5 g5 17. Ba3 Qe6 18. Nxd6 Bc6 19. Nxf5 Rxf5 20. Ne7+ Qxe7 21. Bxe7 Rxd1 22. Raxd1 Nf7 23. a3 Re5 24. Bb4 Nxb4 25. axb4 a6 26. Ra1 Bb7 27. Rfd1 Re7 28. Ra5 Bc3 29. Kf1 Bxb4 30. Rf5 Kg7 31. h4 h6 32. hxg5 Nxg5 33. Rd8 a5 34. Rff8 Ne6 35. Rg8+ Kf7 36. Rb8 Bd6 37. Rxb7 Rxb7 38. Ra8 Nc5 39. Rxa5 Rxb3 40. Bh3 Rc3 41. Ra7+ Kg6 42. Ra8 Rxc4 43. Rd8 Rc1+ 44. Kg2 Rd1 45. Bc8 Rd2 46. Ba6 Nxa6 0-1


[Site "https://www.chess.com"]

[Event "Titled Tuesday Blitz July 27 2021"]
[White "Mekhitarian, Krikor Sevag"]
[Black "Karttunen, Mika"]
[WhiteFideId "2107660"]
[BlackFideId "502081"]
[WhiteElo "2752"]
[BlackElo "2555"]
[Result "1-0"]
[Round "07"]
[TimeControl "180+1"]
[Date "2021.07.27"]
[WhiteClock "0:00:17"]
[BlackClock "0:00:12"]

1. d4 Nf6 2. Bg5 Ne4 3. h4 c5 4. d5 Qb6 5. Nd2 Nxd2 6. Bxd2 d6 7. Qc1 e5 8. e4 f5 9. Ne2 Nd7 10. exf5 Nf6 11. Nc3 Bxf5 12. Bb5+ Kf7 13. Bg5 Be7 14. Qd2 Rhf8 15. Bd3 e4 16. Be2 Kg8 17. O-O-O Qa5 18. Kb1 Qb4 19. a3 Qb6 20. g4 Bd7 21. Rhg1 Rae8 22. Be3 Bc8 23. g5 Nd7 24. Nxe4 Ne5 25. f4 Ng6 26. h5 Nh4 27. Bf2 Nf5 28. h6 g6 29. Qc3 Qd8 30. Bg4 Rf7 31. Rge1 b5 32. b3 a5 33. Qb2 b4 34. a4 Bd7 35. Be2 Qc8 36. Bc4 Qb7 37. Qc1 Qc8 38. Qd2 Qc7 39. Re2 Qb6 40. Rde1 Rd8 41. Qd3 Bc8 42. Bb5 Bb7 43. Nd2 Qc7 44. Bc4 Bc8 45. Re6 Bxe6 46. dxe6 Rff8 47. Bd5 Qb6 48. Nc4 Qc7 49. Rd1 Rfe8 50. Re1 Rc8 51. Re4 Rb8 52. Be1 Red8 53. Bd2 Kf8 54. Bc1 Rdc8 55. Bb2 Ke8 56. Ka2 Kd8 57. Bf6 Qa7 58. Re1 Kc7 59. Be4 Bxf6 60. gxf6 Nd4 61. Bd5 Rf8 62. f7 Nf5 63. e7 Rbc8 64. exf8=Q Rxf8 65. Qe4 Qb8 66. Qe6 Qd8 67. Be4 Qd7 68. Qxd7+ Kxd7 69. Bxf5+ gxf5 70. Rd1 Rxf7 71. Rxd6+ Ke7 72. Rd5 Rf6 73. Re5+ Kd7 74. Rxc5 Rxh6 75. Rxf5 Rh2 76. Kb2 h5 77. Rxa5 h4 78. Rh5 h3 79. Ne5+ Ke6 80. Ng4 1-0


[Site "https://www.chess.com"]

[Event "Titled Tuesday Blitz July 27 2021"]
[White "Mezentsev, Ivan"]
[Black "Asadli, Vugar"]
[WhiteFideId "13706195"]
[BlackFideId "13405764"]
[WhiteElo "2295"]
[BlackElo "2386"]
[Result "0-1"]
[Round "07"]
[TimeControl "180+1"]
[Date "2021.07.27"]
[WhiteClock "0:00:02"]
[BlackClock "0:01:14"]

1. d4 d6 2. Nf3 Bg4 3. Nbd2 Nf6 4. h3 Bf5 5. Nh4 Bc8 6. e4 g6 7. Bd3 Bg7 8. O-O O-O 9. c3 e5 10. Nhf3 Nbd7 11. Re1 b6 12. a4 a6 13. Nf1 Bb7 14. Ng3 Re8 15. Bd2 Rc8 16. Qb3 h6 17. Rad1 Qe7 18. Bc1 Nf8 19. Qc2 N6d7 20. b3 Ne6 21. Bb2 Nf4 22. Bf1 Rf8 23. a5 b5 24. c4 b4 25. c5 dxc5 26. dxe5 Nxe5 27. Nxe5 Bxe5 28. Bc4 Rcd8 29. Ne2 Nxe2+ 30. Qxe2 Rxd1 31. Rxd1 Bxb2 32. Qxb2 Qxe4 33. f3 Qe3+ 34. Kh1 Qc3 35. Qe2 Bc6 36. Qe7 Bb5 37. Rd8 Qg7 38. Qxc7 Bxc4 39. bxc4 Rxd8 40. Qxd8+ Kh7 41. Qb6 Qd4 42. Qxa6 b3 43. Qb5 b2 44. Kh2 Qf4+ 45. Kg1 Qc1+ 46. Kh2 b1=Q 47. Qe8 Qf4+ 0-1


[Site "https://www.chess.com"]

[Event "Titled Tuesday Blitz July 27 2021"]
[White "Mickiewicz, Piotr"]
[Black "Potapova, Margarita"]
[WhiteFideId "1114891"]
[BlackFideId "14126869"]
[WhiteElo "2263"]
[BlackElo "2229"]
[Result "0-1"]
[Round "07"]
[TimeControl "180+1"]
[Date "2021.07.27"]
[WhiteClock "0:00:01"]
[BlackClock "0:00:04"]

1. Nf3 Nf6 2. g3 b6 3. b3 Bb7 4. Bb2 g6 5. Bg2 Bg7 6. c4 O-O 7. O-O d6 8. e3 c5 9. Qe2 Nc6 10. Rd1 Rb8 11. d4 cxd4 12. exd4 d5 13. Ne5 Na5 14. c5 Nd7 15. f4 bxc5 16. Nxd7 Qxd7 17. dxc5 d4 18. Bxb7 Rxb7 19. Na3 Qd5 20. Rac1 Rc8 21. Nc4 Nc6 22. Ba3 h5 23. Nb2 h4 24. Nd3 h3 25. Re1 a5 26. Qe4 Qd7 27. Rc4 Qg4 28. Bc1 Rd7 29. Bd2 Bf6 30. a3 Kg7 31. b4 axb4 32. axb4 Na7 33. Qe2 Qf5 34. Qe4 Qg4 35. c6 Rdc7 36. Rec1 Nxc6 37. b5 Ra7 38. bxc6 Ra2 39. R4c2 Ra3 40. Nf2 Qh5 41. c7 Qb5 42. Qe1 d3 43. Rc5 Qb7 44. Qf1 Ra6 45. Qxh3 Rd6 46. Qg2 Qb6 47. Ne4 Bd4+ 48. Kh1 Bxc5 49. Rxc5 Rd7 50. Qf2 Rdxc7 51. Rxc7 Qxf2 52. Nxf2 Rxc7 53. Kg2 Rd7 54. Kf3 f6 55. Ke3 e5 56. Nxd3 exf4+ 57. Nxf4 Re7+ 58. Kf3 Ra7 59. Be3 Ra3 60. h4 Kf7 61. Nd5 Ra1 62. Ke4 Rf1 63. Bd4 Re1+ 64. Kd3 Rf1 65. Bxf6 Rf3+ 0-1


[Site "https://www.chess.com"]

[Event "Titled Tuesday Blitz July 27 2021"]
[White "Mohandesi, Shahin"]
[Black "Trent, Lawrence"]
[WhiteFideId "12501247"]
[BlackFideId "408638"]
[WhiteElo "1993"]
[BlackElo "2474"]
[Result "0-1"]
[Round "07"]
[TimeControl "180+1"]
[Date "2021.07.27"]
[WhiteClock "0:00:58"]
[BlackClock "0:02:24"]

1. Nf3 Nc6 2. c4 e5 3. d3 f5 4. Nc3 Nf6 5. g3 Bb4 6. Bd2 O-O 7. Bg2 d6 8. a3 Bxc3 9. Bxc3 Qe8 10. e3 f4 11. Qd2 fxe3 12. fxe3 e4 13. Nd4 Ne5 14. dxe4 Nxc4 15. Qd3 Ne5 16. Qc2 Nfg4 17. Bd2 Rf2 18. Bf1 c5 19. h3 cxd4 20. exd4 Nf3+ 21. Kd1 Rxd2+ 22. Qxd2 Nxd2 0-1


[Site "https://www.chess.com"]

[Event "Titled Tuesday Blitz July 27 2021"]
[White "Moon_stone123"]
[Black "Dvirnyy, Danyyil"]
[BlackFideId "817570"]
[WhiteElo "2406"]
[BlackElo "2531"]
[Result "0-1"]
[Round "07"]
[TimeControl "180+1"]
[Date "2021.07.27"]
[WhiteClock "0:00:01"]
[BlackClock "0:00:25"]

1. Nf3 Nf6 2. g3 g6 3. Bg2 Bg7 4. O-O d5 5. d4 O-O 6. Bf4 h6 7. c3 Nbd7 8. Ne5 Nb6 9. Nd2 a5 10. c4 dxc4 11. Ndxc4 Nxc4 12. Nxc4 Be6 13. Rc1 c6 14. Be5 a4 15. e3 Bd5 16. Qe2 Bxg2 17. Kxg2 Qd5+ 18. Kg1 Ra6 19. a3 h5 20. h4 Ng4 21. Bxg7 Kxg7 22. Rfd1 Rd8 23. e4 Qb5 24. f3 Nf6 25. Kf2 Raa8 26. Ne3 Qb6 27. Rc4 Ne8 28. Qd2 Nc7 29. Rc5 Ne6 30. Rc4 Rd7 31. Rb4 Qa7 32. Qc3 Kg8 33. Ke2 Rad8 34. d5 Nc5 35. Rc4 Nb3 36. Rb4 c5 37. Rc4 b5 38. Nf5 gxf5 39. Qe3 Qb6 40. d6 Rxd6 41. Qg5+ Rg6 42. Rxd8+ Qxd8 43. Qxf5 bxc4 44. Qxg6+ fxg6 0-1


[Site "https://www.chess.com"]

[Event "Titled Tuesday Blitz July 27 2021"]
[White "Moroni, Luca Jr"]
[Black "Grigorjev, Iljya"]
[WhiteFideId "865834"]
[BlackFideId "24159565"]
[WhiteElo "2491"]
[BlackElo "2142"]
[Result "0-1"]
[Round "07"]
[TimeControl "180+1"]
[Date "2021.07.27"]
[WhiteClock "0:00:06"]
[BlackClock "0:00:07"]

1. d4 Nf6 2. c4 g6 3. Nc3 d5 4. cxd5 Nxd5 5. e4 Nxc3 6. bxc3 Bg7 7. Bb5+ c6 8. Ba4 b5 9. Bb3 b4 10. Ne2 bxc3 11. Be3 Ba6 12. Rc1 O-O 13. Rxc3 Nd7 14. Rc1 c5 15. dxc5 Ne5 16. O-O Qxd1 17. Bxd1 Rfd8 18. Rc2 Bd3 19. Rc1 Bxe4 20. Nc3 Bc6 21. Be2 Nd3 22. Rc2 Rab8 23. h3 a5 24. Rd1 Nb4 25. Rxd8+ Rxd8 26. Rc1 a4 27. Bb5 Bxc3 28. Bxc6 Bb2 29. Rb1 a3 30. Bb5 Nxa2 31. Bc4 Nc3 32. Re1 e6 33. Bg5 Rc8 34. Be7 Kg7 35. Bd6 Rc6 36. Re3 a2 37. Bxa2 Nxa2 38. Re2 Bd4 39. Rxa2 Bxc5 40. Be5+ f6 41. Bg3 Be7 42. Re2 Kf7 43. Kh2 h5 44. h4 e5 45. Kh3 Rc4 46. f3 Ke6 47. Bf2 f5 48. Ra2 Bd6 49. Ra6 Rc7 50. Be1 Rd7 51. Bb4 Ke7 52. Bxd6+ Rxd6 53. Ra5 Kf6 54. Kg3 Re6 55. Rb5 e4 56. fxe4 fxe4 57. Kf2 e3+ 58. Ke2 Re4 59. g3 Rg4 60. Rb6+ Kf5 61. Rb5+ Ke6 62. Rb6+ Ke5 63. Rb5+ Kd6 64. Kxe3 Rxg3+ 65. Kf2 Rg4 66. Kf3 Ke7 67. Rb6 Kf7 68. Rb7+ Kf6 69. Rb6+ Kg7 70. Rb7+ Kh6 71. Rb6 Rxh4 72. Kg3 Rg4+ 73. Kh3 Rf4 74. Rb5 Rf5 75. Rb8 Kg5 76. Kg3 Rd5 77. Rb3 Kf5 78. Kh3 g5 79. Rf3+ Kg6 80. Ra3 Rf5 81. Ra6+ Rf6 82. Ra3 h4 83. Kg4 Rf4+ 84. Kh3 Kh5 85. Ra5 Rc4 86. Rb5 Rc3+ 87. Kg2 Re3 88. Ra5 Kg4 89. Ra4+ Kf5 90. Ra5+ Re5 91. Ra4 Re2+ 92. Kf3 Re5 93. Rb4 Rc5 94. Ra4 Rc3+ 95. Kg2 Rd3 96. Rb4 g4 97. Rb5+ Ke4 98. Rb4+ Rd4 99. Rb2 Kf4 100. Rf2+ Kg5 101. Rb2 Rd5 102. Rc2 h3+ 103. Kh2 Kh4 104. Rc1 g3+ 105. Kh1 Rd4 106. Rb1 Kg4 107. Rc1 Kf3 108. Rf1+ Ke2 109. Kg1 Rd1 110. Rxd1 Kxd1 111. Kf1 Kd2 112. Kg1 Ke3 113. Kf1 Kf3 114. Kg1 h2+ 115. Kh1 g2+ 116. Kxh2 Kf2 0-1


[Site "https://www.chess.com"]

[Event "Titled Tuesday Blitz July 27 2021"]
[White "Mortazavi, Ali"]
[Black "Balabayeva, Xeniya"]
[WhiteFideId "401323"]
[BlackFideId "13719688"]
[WhiteElo "2339"]
[BlackElo "1988"]
[Result "1-0"]
[Round "07"]
[TimeControl "180+1"]
[Date "2021.07.27"]
[WhiteClock "0:00:12"]
[BlackClock "0:00:01"]

1. Nf3 d5 2. g3 Nf6 3. Bg2 Bg4 4. O-O Nbd7 5. d3 e6 6. c4 c6 7. Be3 Bd6 8. Qb3 Qc7 9. Nc3 O-O 10. cxd5 exd5 11. Rac1 Qb8 12. h3 Be6 13. Nd4 c5 14. Nxe6 fxe6 15. Nb5 Be7 16. Bf4 Ne5 17. d4 cxd4 18. Nc7 Ng6 19. Bd2 Bd6 20. Nxe6 Rf7 21. Ng5 Ne7 22. Nxf7 Kxf7 23. Bg5 Be5 24. Bxf6 Kxf6 25. Bxd5 Qd6 26. Bg2 g5 27. Qxb7 Rb8 28. Qf3+ Kg7 29. b3 Rf8 30. Qe4 h5 31. Rcd1 h4 32. gxh4 Rf4 33. Qb7 Rxh4 34. e3 g4 35. exd4 Bf4 36. Rfe1 Kf6 37. d5 Be5 38. hxg4 1-0


[Site "https://www.chess.com"]

[Event "Titled Tuesday Blitz July 27 2021"]
[White "Muradli, Mahammad"]
[Black "Nakamura, Hikaru"]
[WhiteFideId "13409301"]
[BlackFideId "2016192"]
[WhiteElo "2482"]
[BlackElo "2900"]
[Result "0-1"]
[Round "07"]
[TimeControl "180+1"]
[Date "2021.07.27"]
[WhiteClock "0:00:01"]
[BlackClock "0:00:05"]

1. d4 g6 2. Nf3 Bg7 3. c3 d6 4. Bg5 Nf6 5. Nbd2 h6 6. Bh4 g5 7. Bg3 Nh5 8. e3 e6 9. Bd3 Nd7 10. Qe2 a6 11. a4 b6 12. Be4 Ra7 13. a5 b5 14. O-O O-O 15. b4 Nxg3 16. hxg3 c5 17. Rad1 Rc7 18. Bb1 Qe7 19. Qd3 Nf6 20. e4 cxd4 21. cxd4 e5 22. d5 Bg4 23. Qe3 Rfc8 24. Qb6 Ra8 25. Rc1 Rb7 26. Qe3 Bd7 27. Rc3 Qd8 28. Rfc1 Rbb8 29. Nh2 g4 30. Nhf1 h5 31. Qd3 Bh6 32. Ne3 Rc8 33. Ndf1 Ne8 34. R1c2 Rxc3 35. Rxc3 Bg5 36. Nf5 Bxf5 37. exf5 Rc8 38. Rc6 Rxc6 39. dxc6 Nc7 40. f6 Qxf6 41. Qh7+ Kf8 42. Qxh5 d5 43. Qxg4 Qe7 44. Qc8+ Qd8 45. Qf5 Qf6 46. Qc8+ Qd8 47. Qg4 e4 48. Ne3 Bxe3 49. fxe3 Qd6 50. Qc8+ Ke7 51. Qb7 f5 52. Kh2 Qh6+ 53. Kg1 Qxe3+ 54. Kh2 Qh6+ 55. Kg1 Kd6 56. Qc8 Kxc6 57. Ba2 Qc1+ 58. Kh2 Qh6+ 59. Kg1 Qd6 60. Qb8 Qxb4 61. Qb6+ Kd7 62. Kh2 Qd6 63. Qd4 f4 64. gxf4 Qxf4+ 65. Kh3 Qd6 66. g3 Kc6 67. Kg2 Qc5 68. Qf6+ Kb7 69. Kh3 b4 70. Bb3 Qxa5 71. Qd6 Qb5 72. Kh4 a5 73. Bd1 b3 74. Bg4 b2 75. Qd8 b1=Q 76. Qc8+ Kb6 77. Qb8+ Kc6 78. Qc8 Qh1+ 79. Kg5 Qh7 80. Bf5 d4 0-1


[Site "https://www.chess.com"]

[Event "Titled Tuesday Blitz July 27 2021"]
[White "Nguyen, Hong Ngoc"]
[Black "Arabidze, Meri"]
[WhiteFideId "12403083"]
[BlackFideId "13604040"]
[WhiteElo "1830"]
[BlackElo "2432"]
[Result "0-1"]
[Round "07"]
[TimeControl "180+1"]
[Date "2021.07.27"]
[WhiteClock "0:00:08"]
[BlackClock "0:00:27"]

1. e4 c5 2. Nc3 e6 3. g3 Nc6 4. Bg2 d6 5. d3 g6 6. Be3 Bg7 7. Qd2 h6 8. Nge2 Nd4 9. Nd1 Ne7 10. c3 Nxe2 11. Qxe2 O-O 12. Qd2 Kh7 13. h4 f5 14. exf5 Nxf5 15. h5 g5 16. Be4 Kh8 17. d4 cxd4 18. Bxd4 Nxd4 19. cxd4 d5 20. Bc2 e5 21. dxe5 d4 22. f4 Qd5 23. Nf2 gxf4 24. gxf4 Bf5 25. Bb3 Qf3 26. Rd1 Rad8 27. Rh4 Qg2 28. Qe2 d3 29. Qf1 Qg3 30. Qh1 Qe3+ 31. Kf1 Qe2+ 32. Kg1 Rg8 33. Qh2 Bf6+ 34. Bxg8 Rxg8+ 35. Kh1 Be4+ 36. Nxe4 Qxe4+ 37. Qg2 Qxg2# 0-1


[Site "https://www.chess.com"]